Map: 大气2000-天梯版

Players

iGCoffeeMs (Coffee) - Winner!

  • Race: Terran Terran
  • League: Master

夜蝶蝶蝶蝶蝶蝶蝶 (Firefly)

  • Race: Protoss Protoss

Event: DreamHack SC2 Masters 2021 Summer

VOD

Have the link to the VOD?

Description

Time

  • Played on: May 28, 2021, 8:49 a.m.
  • Length: 8:07

All games in this series

Show
View Real Time Build Order
Export as new Build Order

iGCoffeeMs Terran - Winner!

Build Orders:  

Get SALT Encoding   

  12  0:00  SCV  
  13  0:12  SCV  
  14  0:17  Supply Depot  
  14  0:24  SCV  
  15  0:38  SCV  
  15  0:40  Barracks  
  16  0:43  Refinery  
  16  0:50  SCV  
  17  1:03  SCV  
  18  1:05  Engineering Bay  
  18  1:15  SCV  
  19  1:29  Orbital Command, Marine  
  20  1:35  Supply Depot  
  20  1:47  Factory  
  20  1:50  Marine  
  21  1:55  SCV  
  23  2:08  Barracks Reactor  
  23  2:12  SCV  
  23  2:24  Command Center  
  23  2:25  SCV  
  24  2:32  Barracks  
  25  2:37  SCV  
  25  2:41  Supply Depot  
  25  2:44  Refinery  
  25  2:54  Hellion  
  25  2:55  Hellion  
  25  2:57  SCV  
  30  2:59  Barracks Tech Lab  
  30  3:08  Engineering Bay  
  30  3:10  SCV  
  31  3:17  Stimpack  
  31  3:20  Marine  
  32  3:27  Widow Mine  
  32  3:28  Marine  
  35  3:35  SCV  
  35  3:38  Marine  
  35  3:41  Orbital Command  
  33  3:56  Marine  
  33  3:59  SCV  
  33  4:00  Terran Infantry Weapons Level 1  
  35  4:04  Marine x2  
  35  4:06  Orbital Command  
  36  4:11  Factory Reactor  
  36  4:12  SCV  
  36  4:14  Starport, Marine  
  38  4:22  Marine x2  
  40  4:24  SCV  
  41  4:32  SCV, Marine  
  43  4:38  SCV  
  43  4:40  Marine x2  
  43  4:41  Missile Turret  
  43  4:44  Supply Depot  
  43  4:45  SCV  
  47  4:49  Marine  
  47  4:51  SCV  
  49  4:55  Factory Tech Lab  
  49  4:58  Medivac x2  
  53  5:01  Combat Shield  
  53  5:03  SCV  
  53  5:05  SCV  
  55  5:10  Supply Depot  
  55  5:15  Marine x3  
  55  5:17  SCV  
  55  5:18  SCV  
  59  5:26  Siege Tank  
  62  5:33  Barracks, Marine x2  
  62  5:35  Starport Reactor  
  64  5:36  SCV x2  
  64  5:39  Supply Depot  
  64  5:41  Marine  
  67  5:47  Supply Depot  
  67  5:51  SCV, Marine x2  
  70  5:58  Refinery  
  70  6:00  SCV, Marine  
  72  6:06  SCV  
  72  6:09  Marine x2  
  75  6:18  Marine, Medivac  
  74  6:19  Medivac  
  78  6:27  Marine x2  
  78  6:28  Marine x2  
  78  6:32  SCV x2  
  80  6:34  Siege Tank  
  80  6:36  Marine  
  81  6:45  Marine x4  
  82  6:49  SCV  
  82  6:53  Marine  
  77  6:55  SCV  
  77  6:57  Medivac x2  
  83  7:01  SCV  
  83  7:02  Marine  
  83  7:03  Barracks x2, Marine x3  
  86  7:18  Marine  
  86  7:20  Marine x2, Siege Tank  
  86  7:21  Marine x2, Supply Depot  
  86  7:22  Supply Depot  
  94  7:42  SCV, Marine x5  
  94  7:43  SCV  
  89  7:54  SCV  
Show
View Real Time Build Order
Export as new Build Order

夜蝶蝶蝶蝶蝶蝶蝶 Protoss 

Build Orders: 1 Gate Expand, Oracle Opening, Phoenix Opening 

Get SALT Encoding   

  12  0:00  Probe  
  13  0:12  Probe  
  14  0:16  Pylon  
  14  0:24  Probe  
  15  0:36  Gateway  
  15  0:37  Probe (Chrono Boost)  
  16  0:44  Assimilator  
  16  0:48  Probe (Chrono Boost)  
  17  0:54  Probe  
  18  1:06  Probe  
  19  1:18  Probe  
  19  1:23  Cybernetics Core  
  20  1:39  Nexus  
  21  1:41  Pylon  
  21  1:44  Probe  
  21  1:50  Assimilator  
  20  1:56  Probe, Adept (Chrono Boost)  
  24  2:08  Probe  
  24  2:12  Pylon  
  24  2:19  Adept  
  26  2:23  Probe  
  27  2:32  Stargate  
  27  2:35  Probe  
  28  2:39  Warp Gate  
  28  2:47  Probe, Stalker (Chrono Boost)  
  31  2:52  Probe  
  31  2:56  Shield Battery  
  32  3:00  Probe  
  32  3:04  Shield Battery  
  33  3:06  Probe  
  33  3:12  Probe  
  35  3:15  Oracle (Chrono Boost)  
  38  3:21  Probe  
  38  3:24  Probe  
  40  3:33  Probe  
  41  3:36  Probe  
  42  3:45  Probe  
  42  3:47  Phoenix (Chrono Boost)  
  42  3:48  Probe  
  43  3:57  Probe  
  43  4:00  Probe  
  45  4:07  Phoenix  
  45  4:09  Probe  
  48  4:12  Probe  
  49  4:17  Assimilator  
  49  4:18  Nexus  
  49  4:21  Probe  
  50  4:24  Probe  
  50  4:28  Twilight Council  
  50  4:30  Forge  
  51  4:34  Probe  
  51  4:35  Phoenix  
  54  4:44  Pylon  
  54  4:49  Pylon  
  54  4:50  Pylon  
  54  4:55  Gateway  
  54  4:56  Charge  
  54  4:58  Gateway  
  54  5:02  Probe  
  54  5:03  Protoss Ground Weapons Level 1 (Chrono Boost), Pylon  
  55  5:11  Phoenix  
  55  5:12  Adept  
  61  5:30  Pylon  
  61  5:32  Gateway  
  59  5:37  Gateway  
  59  5:40  Gateway  
  59  5:42  Gateway  
  59  5:46  Gateway  
  59  5:49  Gateway  
  59  5:51  Sentry  
  59  5:52  Sentry  
  63  5:58  Phoenix  
  63  5:59  Probe  
  63  6:00  Probe  
  67  6:10  Adept  
  66  6:19  Stalker  
  60  6:28  Stalker  
  59  6:33  Adept  
  59  6:34  Adept  
  59  6:39  Zealot  
  65  6:41  Zealot  
  65  6:43  Zealot  
  65  6:44  Zealot x2  
  64  6:54  Zealot x3  
  66  7:00  Phoenix  
  70  7:03  Probe x3  
  70  7:04  Sentry x2  
  77  7:09  Zealot x3  
  77  7:15  Probe  
  84  7:20  Pylon  
  84  7:22  Zealot  
  84  7:23  Zealot  
  84  7:25  Zealot  
  84  7:28  Probe x3  
  87  7:37  Zealot x3  
  87  7:40  Zealot  
  95  7:45  Zealot x2  
  91  7:51  Zealot  
  91  7:52  Zealot  
  91  7:55  Zealot  
  91  7:57  Zealot  
  71  7:58  Zealot  
Tags
 
Add a new tag
Caveats
  • Supply blocks, unpowered buildings, or Contaminate may cause inaccurate times.
  • Supply counts are checked every 10 seconds.